Description

Build published from Sc2Swarm under Standard Roach ZvP, extracted and edited version of the McMonroe replay in the provided replay pack in the article. (https://sc2swarm.com/2018/12/11/standard-roach-zvp/)

Replay - McMonroeCancelSpeedVSChargeAllin

Build Order

Get SALT Encoding   

  13  0:12  Overlord  Send to nat to scout proxies
  14  0:30  Drone  
  16  0:47  Hatchery  
  18  1:08  Extractor  
  17  1:13  Spawning Pool  
  20  1:49  Overlord  
  20  2:00  Zergling x4, Queen x2  @ nat creep, @main inject
  30  2:36  Hatchery  
  29  2:44  Overlord  
  31  2:51  Queen  @nat inject
  38  3:05  Action, Overlord, Drone x2  rally to gas, Cancel Speed
  43  3:30  Roach Warren, Lair  
  44  3:32  Extractor x2  
  44  3:48  Overlord, Queen  x2 if scouting ovie sniped by phoenix, @nat creep
Spawning Tool Build Advisor. Get it on Overwolf

Go to:

Details

  • Created by: swagit123
  • Published on: Apr 23, 2019
  • Modified on: Apr 23, 2019
  • Patch: 4.7.1
Show
View Real Time Build Order
Export as new Build Order

Comments (0)

There are no comments. Be the first!

Create an account to comment!